Unix NetHack Version 5.0.0-0 post-release - last build May  4 2026 22:22:43 (774f63e81ad911689b3a0859ea89b322d5daca8d,branch:main).

Game began 2026-05-10 13:53:31, ended 2026-05-10 14:33:16.

GdeVolpiano, lawful female human Archeologist

  --------                                    --------
  |...{..|               ----------------    #.>.....|
  |......|               |..............|    #|......|
  |<.....|               |..............-#)###|.....)-#
  |....(.|               |........(.....| ####......)|#####
  |......-#              |.......>.......##   ---|----    ##   ----------
  ---.----##             ------.---------        #         #   |...*[)[.|
     ####  #                   #                           ###o@.@(.).%[|
        #  #                 ###                           #   |*[....(.|
        #  ######            #                             #   |?.d*....|
        ####    ##          ##                            ##   ----------
           #     #  --------)------ %             #*#*#####)
           #     #  |......(......"#########*##**#%        ########
       ----.--- ####..............|       #                ##     #####
       |......| ##  |.............|       #  ----          *#         #
       |......-###  |.............|       #  |..|          #       ##*#
       |......|  ###..............|       ###...|          #       #
       --------     ---------------          ----          #########

GdeVolpiano the Field Worker  St:15 Dx:11 Co:13 In:12 Wi:17 Ch:10  Lawful
Dlvl:4  $:2871 HP:0(36) Pw:31(31) AC:5  Xp:5 T:4315  Burdened

Latest messages:
 "For you, esteemed lady; only 67 zorkmids for this ruby potion."
 U - a ruby potion (unpaid, 67 zorkmids).
 You are almost hit by a dagger.
 You see here a pick-axe (no charge).
 You see here a magic marker (for sale, 67 zorkmids).
 "For you, esteemed lady; only 67 zorkmids for this magic marker."
 You have a little trouble lifting s - a magic marker (unpaid, 67 zorkmids).
 You see here a studded leather armor (for sale, 33 zorkmids).
 Indy picks up a worthless piece of yellow glass.
 You see here a topaz stone (for sale, 1200 zorkmids).
 What do you want to drop? [$b-dg-ikmp-tx-zAF-HJ-MO-UX or ?*]
 Never mind.
 You drop a citrine stone (unpaid, 2000 zorkmids).
 You drop a topaz stone (unpaid, 1200 zorkmids).
 You owe Inuvik 28 zorkmids you picked up in the store.
 You pay that debt.
 You bought 3 food rations for 180 gold pieces.
 You bought a redwood wand for 133 gold pieces.
 You bought a spellbook called lvl1 for 133 gold pieces.
 You bought a ruby potion for 67 gold pieces.
 You bought a magic marker for 67 gold pieces.
 You bought a lembas wafer for 60 gold pieces.
 You bought a potion of healing for 27 gold pieces.
 "Thank you for shopping in Inuvik's general store!"
 The hill orc hits!
 You hit the hill orc!
 The hill orc hits!
 Indy drops a worthless piece of yellow glass.
 You kill the hill orc!
 You have a little trouble lifting $ - 29 gold pieces (2871 in total).
 There is an open door here.
 You see here 2 worthless pieces of green glass.
 Are you waiting to get hit?  Use 'm' prefix to force a no-op (to rest).
 Are you waiting to get hit?  Use 'm' prefix to force a no-op (to rest).
 You hit the hill orc.
 The hill orc swings his curved sword.
 The hill orc hits!
 You kill the hill orc!
 The hill orc picks up a curved sword.
 You miss the hill orc.
 The hill orc wields a curved sword!
 The hill orc swings her curved sword.
 The hill orc hits!
 You miss the hill orc.
 The hill orc swings her curved sword.
 The hill orc hits!
 You die...
 Inuvik gratefully inherits all your possessions.
 Do you want to see what you had when you died? [ynq] (y)
 Do you want to see your attributes? [ynq] (y)

Inventory:
 Coins    ('$')
  $ - 2871 gold pieces
 Weapons  (')')
  F - the +1 Demonbane (weapon in right hand)
  X - a +0 scimitar
 Armor    ('[')
  c - an uncursed +0 fedora (being worn)
  b - an uncursed +0 dwarvish cloak (being worn)
  y - an uncursed +0 elven mithril-coat (being worn)
 Comestibles  ('%')
  d - 4 uncursed food rations
  Q - 3 uncursed food rations
  S - an uncursed lembas wafer
  H - an uncursed lichen corpse
 Scrolls  ('?')
  J - an uncursed scroll of blank paper
  G - an uncursed scroll of confuse monster
 Spellbooks  ('+')
  t - an uncursed spellbook of confuse monster
 Potions  ('!')
  T - an uncursed potion of gain energy
  P - a blessed potion of healing
  q - an uncursed potion of restore ability
  A - an uncursed potion of see invisible
  U - an uncursed potion of see invisible
 Wands    ('/')
  R - a wand of light (0:14)
  p - a wand of slow monster (0:2)
 Tools    ('(')
  h - an uncursed sack containing 3 items
  x - an empty uncursed sack
  r - an uncursed blindfold
  m - an uncursed leash
  s - a magic marker (0:43)
  k - an uncursed skeleton key
  i - an uncursed tin opener
  K - an uncursed tin whistle
  z - an uncursed towel
  M - an uncursed towel
 Gems/Stones  ('*')
  g - an uncursed touchstone

Contents of the sack:
  a +0 pick-axe
  an uncursed amber stone
  an uncursed jade stone

GdeVolpiano the Archeologist's attributes:

Background:
 You were a Field Worker, a level 5 female human Archeologist.
 You were lawful, on a mission for Quetzalcoatl
 who was opposed by Camaxtli (neutral) and Huhetotl (chaotic).
 You were right-handed.
 You were in the Dungeons of Doom, on level 4.
 You entered the dungeon 4315 turns ago.
 You had 315 experience points, 5 more were needed to attain level 6.

Basics:
 You had 0 out of 36 hit points.
 You had all 31 energy points (spell power).
 Your armor class was 5.
 Your wallet contained 2871 zorkmids.
 Autopickup was on for '$?!/="+' plus thrown, with exceptions.

Final Characteristics:
 Your strength was 15 (limit:18/100).
 Your dexterity was 11 (limit:18).
 Your constitution was 13 (limit:18).
 Your intelligence was 12 (limit:18).
 Your wisdom was 17 (limit:18).
 Your charisma was 10 (limit:18).

Final Status:
 You weren't hungry.
 You were burdened; movement was slightly slowed.
 You were wielding a mace.
 You had basic skill with mace.

Final Attributes:
 You were piously aligned.
 Your items were somewhat protected from fire.
 Your items were somewhat protected from cold.
 You were sleep resistant.
 You were telepathic.
 You had automatic searching.
 You were stealthy.
 You were guarded.
 You were lucky.
 You are dead.

Miscellaneous:
 You encountered 1 bones level.
 Total elapsed playing time was 39 minutes and 43 seconds.

Major events:
 Turn
    1: GdeVolpiano the lawful female human Archeologist entered the dungeon
 1365: attained the rank of Field Worker (level 3)
 1373: was bestowed with Demonbane by Quetzalcoatl
 3100: entered the Gnomish Mines
 4315: killed by a hill orc

You didn't know any spells.

Skills:
 Fighting Skills
   bare handed combat [Unskilled]
   two weapon combat  [Unskilled]
   riding             [Unskilled]
 Weapon Skills
   dagger             [Unskilled]
   knife              [Unskilled]
   pick-axe           [Basic]
   short sword        [Unskilled]
   saber              [Unskilled]
   club               [Unskilled]
   mace               [Basic]
   quarterstaff       [Unskilled]
   sling              [Unskilled]
   dart               [Unskilled]
   boomerang          [Unskilled]
   whip               [Basic]
   unicorn horn       [Unskilled]
 Spellcasting Skills
   attack spells      [Unskilled]
   healing spells     [Unskilled]
   divination spells  [Unskilled]
   matter spells      [Unskilled]

Voluntary challenges:
 Character rerolling was not enabled.
 You never genocided any monsters.
 You never polymorphed an object.
 You never changed form.
 You used no wishes.
Achievements:
 You attained the rank of Field Worker.
 You entered a shop.
 You entered the Gnomish Mines.

 The Dungeons of Doom: levels 1 to 4
    Level 1:
       A sink.
    Level 2:
       An altar to Quetzalcoatl, a fountain.
    Level 3:
       A tool shop, a sink.
    Level 4: <- You were here.
       A general store, a fountain.
       Stairs down to The Gnomish Mines.
       Final resting place for
          you, killed by a hill orc.
 The Gnomish Mines:
    Level 5:
       Final resting place for
          eestinsv-Pri-Elf-Fem-Cha, killed by a hobbit.


Vanquished creatures:
  2 small mimics
  a rock mole
  a fog cloud
  2 shriekers
  3 giant ants
  2 floating eyes
  a homunculus
  2 hill orcs
  a dwarf zombie
  3 iguanas
  a gas spore
  a hobbit
  5 manes
  a large kobold
  a hobgoblin
  4 giant rats
  5 cave spiders
  a yellow mold
  2 gnomes
  a gnome zombie
  3 geckos
  7 jackals
  3 foxes
  3 kobolds
  a goblin
  5 sewer rats
  8 grid bugs
  5 lichens
 10 newts
85 creatures vanquished.

No species were genocided or became extinct.

Game over:
                       ----------
                      /          \
                     /    REST    \
                    /      IN      \
                   /     PEACE      \
                  /                  \
                  |   GdeVolpiano    |
                  |     2871 Au      |
                  | killed by a hill |
                  |       orc        |
                  |                  |
                  |                  |
                  |       2026       |
                 *|     *  *  *      | *
        _________)/\\_//(\/(/\)/\//\/|_)_______

Goodbye GdeVolpiano the Archeologist...

You died in The Dungeons of Doom on dungeon level 4 with 4074 points,
and 2871 pieces of gold, after 4315 moves.
You were level 5 with a maximum of 36 hit points when you died.

